 Dungeon Crawl Stone Soup version 0.30.0-15-g856e2d3f33 (webtiles) character file.

Game seed: 15723933550760562899

386 qw the Chopper (level 6, -4/38 HPs)
             Began as a Gargoyle Fighter on May 19, 2023.
             Slain by a troll (8 damage)
             ... on level 5 of the Dungeon.
             The game lasted 00:01:48 (3234 turns).

qw the Chopper (Gargoyle Fighter)                   Turns: 3234, Time: 00:01:48

Health: -4/38      AC: 15    Str: 22    XL:     6   Next: 78%
Magic:  6/6        EV:  6    Int:  8    God:
Gold:   180        SH:  4    Dex:  9    Spells: 5/5 levels left

rFire   . . .        o - +0 war axe (vamp)
rCold   . . .        c - +0 buckler
rNeg    + . .        i - +0 plate armour
rPois   inf          (no helmet)
rElec   +            (no cloak)
rCorr   .            (no gloves)
SInv    .            (no boots)
Will    +....        p - amulet of regeneration Stlth
                     f - ring of willpower
HPRegen 1.06/turn    (no ring)
MPRegen 0.10/turn

%: no passive effects
@: no status effects
A: sickness immunity, AC +4, negative energy resistance 1, electricity
resistance, torment resistance 1, petrification resistance
a: no special abilities


You were on level 5 of the Dungeon.
You visited 1 branch of the dungeon, and saw 5 of its levels.
You also visited: Ossuary.

You collected 180 gold pieces.


Innate Abilities, Weirdness & Mutations

You are immune to sickness and miasma.
Your stone body is resilient. (AC +4)
You are immune to poison.
You resist negative energy. (rN+)
You are resistant to electric shocks. (rElec)
You are resistant to unholy torment.
You are immune to petrification.


   Skills:
 - Level 4.2 Fighting
 + Level 5.8 Axes
 - Level 3.2 Armour
 - Level 1.0 Dodging
 - Level 3.2 Shields


You had 5 spell levels left.
You didn't know any spells.
Your spell library was empty.

Inventory:

Hand Weapons
 n - a +0 flail
 o - a +0 vampiric war axe (weapon)
Armour
 c - a +0 buckler (worn)
 i - a +0 plate armour (worn)
Jewellery
 f - a ring of willpower (left hand)
 p - an amulet of regeneration (around neck)
Scrolls
 a - 2 scrolls of identify
Potions
 d - 5 potions of might
 e - a potion of attraction
 h - a potion of lignification
 j - a potion of mutation
 l - 2 potions of haste
 m - 3 potions of curing
 q - a potion of heal wounds
 r - a potion of resistance

Dungeon Overview and Level Annotations

Branches:
Dungeon (5/15)            Ossuary (visited)
 Temple: D:4-7

Altars:
Gozag
Nemelex Xobeh
Vehumet


Message History

What level of the Dungeon? (default 1, ? - help)
There is a stone staircase leading down here.
You climb downwards.
You hear the sound of rushing water.
There is an entrance to a sewer on this level.
Hurry and find it before the portal rusts away!
There is a stone staircase leading up here.
Waypoint 5 assigned to D:5.
3220 ||| PLANNING SEWER
Found an opulent altar of Gozag.
A troll comes into view.
The troll shouts!
You hear a shout!
A centaur comes into view.
Found 17 gold pieces.
The centaur wields a +0 shortbow.
The centaur shoots an arrow.
The arrow closely misses you.
You completely miss the troll.
The centaur shoots an arrow.
The arrow hits you.
The centaur shoots an arrow.
The arrow barely misses you. The troll bites you!
The troll claws you but does no damage. The troll claws you.
You hit the troll.
You feel better.
The troll is lightly wounded.
The troll bites you! The troll claws you but does no damage.
The troll claws you.
You closely miss the troll.
The troll is lightly wounded.
The centaur shoots an arrow.
The arrow barely misses you. The troll bites you but does no damage.
The troll claws you. The troll barely misses you.
The centaur shoots an arrow.
The arrow hits you.
You hit the troll but do no damage.
The troll is lightly wounded.
The centaur shoots an arrow.
The arrow barely misses you. You block the troll's attack.
The troll claws you but does no damage. The troll barely misses you.
The centaur shoots an arrow.
The arrow hits you but does no damage.
You hit the troll.
The troll is moderately wounded.
The troll bites you. The troll barely misses you. You block the troll's attack.
The centaur shoots an arrow.
The arrow hits you. The troll bites you but does no damage.
The troll claws you!
You die...

.#########
#.$.......
#.¤~~~~~¤¤
#.#~..~~~..¤
#.#~.~...~¤¤
#.#~.~.c.~.¤
#.#~.~..¤~.¤
#.#~@T~~¤..~
#.#.¤~¤~¤~~.
#.#.........
#..#########
#.## #.# #.#
#<# ###


You could see a troll and a centaur.

Vanquished Creatures
  A scorpion (D:4)
  A howler monkey (D:4)
  A hound (D:4)
  An iguana (D:4)
  4 mummies
  3 gnolls (D:3)
  7 adders
  4 adder zombies (Ossuary)
  A worm (D:2)
  4 dart slugs
  An orc (D:4)
  2 ball pythons
  2 bats
  3 endoplasms
  4 giant cockroaches
  A gnoll zombie (Ossuary)
  6 goblins
  4 hobgoblins
  6 jackals
  3 quokkas
  4 frilled lizards
  3 goblin zombies (Ossuary)
  2 hobgoblin zombies (Ossuary)
  4 kobolds
  5 kobold zombies (Ossuary)
  A quokka zombie (Ossuary)
  6 rats
  2 rat zombies (Ossuary)
86 creatures vanquished.

Notes
Turn   | Place    | Note
-------+----------+-------------------------------------------
     0 | D:1      | qw the Gargoyle Fighter began the quest for the Orb.
     0 | D:1      | Reached XP level 1. HP: 14/14 MP: 1/1
     0 | D:1      | 0 ||| qw: Version: 0.2-a-96-g8eb1148
     0 | D:1      | 0 ||| qw: Game counter: 26
     0 | D:1      | 0 ||| qw: Always use a shield: true
     0 | D:1      | 0 ||| qw: God list: Okawaru
     0 | D:1      | 0 ||| qw: Allow faded altars: false
     0 | D:1      | 0 ||| qw: Do Orc after D:15 true
     0 | D:1      | 0 ||| qw: Do second Lair branch before Depths: true
     0 | D:1      | 0 ||| qw: Lair rune preference: random
     0 | D:1      | 0 ||| qw: Plans: Normal, Zot:1-4, God:TSO, Crypt, Tomb,
                  | Pan, Slime:5, Hells, Abyss, Win
     0 | D:1      | 0 ||| PLANNING D:1-11
    12 | D:1      | 12 ||| Stepping ~*~*~tactically~*~*~ (hiding).
    24 | D:1      | Reached skill level 2 in Axes
    59 | D:1      | Reached XP level 2. HP: 19/19 MP: 2/2
   105 | D:1      | 105 ||| Stepping ~*~*~tactically~*~*~ (hiding).
   108 | D:1      | 108 ||| Stepping ~*~*~tactically~*~*~ (hiding).
   446 | D:1      | Reached skill level 3 in Axes
   552 | D:1      | Found a faded altar of an unknown god.
   619 | D:1      | 619 ||| READING 2 scrolls labelled BETOTW CUONIA.
   620 | D:1      | 620 ||| READING 2 scrolls labelled ROTZIU HAVEHEZ.
   777 | D:2      | Reached XP level 3. HP: 23/23 MP: 3/3
   845 | D:2      | 845 ||| Stepping ~*~*~tactically~*~*~ (hiding).
   860 | D:2      | 860 ||| Stepping ~*~*~tactically~*~*~ (stealth).
  1050 | D:2      | 1050 ||| DROPPING +0 club.
  1142 | D:2      | 1142 ||| Stepping ~*~*~tactically~*~*~ (stealth).
  1342 | D:2      | 1342 ||| UPGRADING to ring of willpower.
  1343 | D:2      | 1343 ||| READING scroll labelled NACKITETZUU.
  1344 | D:2      | 1344 ||| READING 3 scrolls of identify.
  1344 | D:2      | 1344 ||| IDENTIFYING fuming amethyst potion
  1345 | D:2      | 1345 ||| READING 2 scrolls of identify.
  1345 | D:2      | 1345 ||| IDENTIFYING glowing amethyst potion
  1424 | D:3      | Reached XP level 4. HP: 28/28 MP: 4/4
  1475 | D:3      | Reached skill level 4 in Axes
  1590 | D:3      | 1590 ||| UPGRADING to +2 ring mail of fire resistance.
  1595 | D:3      | 1595 ||| UPGRADING to +0 scale mail.
  1600 | D:3      | 1600 ||| UPGRADING to +2 ring mail of fire resistance.
  1605 | D:3      | 1605 ||| UPGRADING to +0 scale mail.
  1610 | D:3      | 1610 ||| UPGRADING to +2 ring mail of fire resistance.
  1620 | D:3      | 1620 ||| DROPPING +0 scale mail.
  1817 | D:3      | Found a radiant altar of Vehumet.
  1849 | D:3      | 1849 ||| Stepping ~*~*~tactically~*~*~ (stealth).
  2191 | D:3      | 2191 ||| DROPPING +6 ring of intelligence.
  2192 | D:3      | 2192 ||| READING scroll labelled HOHIODO HIAGG.
  2193 | D:3      | 2193 ||| READING scroll labelled INOMABL ARECER.
  2194 | D:3      | 2194 ||| DRINKING 2 pink potions.
  2195 | D:3      | 2195 ||| READING 3 scrolls of identify.
  2195 | D:3      | 2195 ||| IDENTIFYING red potion
  2196 | D:3      | 2196 ||| READING 2 scrolls of identify.
  2196 | D:3      | 2196 ||| IDENTIFYING sedimented silvery potion
  2197 | D:3      | 2197 ||| DROPPING potion of ambrosia.
  2240 | D:4      | 2240 ||| PLANNING OSSUARY
  2275 | D:4      | Reached XP level 5. HP: 32/32 MP: 5/5
  2315 | D:4      | Reached skill level 5 in Axes
  2407 | D:4      | 2407 ||| Stepping ~*~*~tactically~*~*~ (stealth).
  2496 | D:4      | Reached skill level 1 in Dodging
  2499 | D:4      | Reached XP level 6. HP: 37/37 MP: 6/6
  2541 | D:4      | 2541 ||| Stepping ~*~*~tactically~*~*~ (hiding).
  2542 | D:4      | 2542 ||| Stepping ~*~*~tactically~*~*~ (stealth).
  2543 | D:4      | 2543 ||| Stepping ~*~*~tactically~*~*~ (stealth).
  2545 | D:4      | 2545 ||| Stepping ~*~*~tactically~*~*~ (hiding).
  2668 | D:4      | Found a sparkling altar of Nemelex Xobeh.
  2760 | D:4      | Found a sand-covered staircase.
  2761 | D:4      | 2761 ||| UPGRADING to +0 plate armour.
  2771 | D:4      | 2771 ||| DROPPING +2 ring mail of fire resistance.
  2772 | D:4      | 2772 ||| UPGRADING to amulet of regeneration.
  2777 | D:4      | 2777 ||| DRINKING 2 amethyst potions.
  2778 | D:4      | 2778 ||| READING 2 scrolls of identify.
  2778 | D:4      | 2778 ||| IDENTIFYING fizzy golden potion
  2779 | D:4      | 2779 ||| DROPPING potion of flight.
  2788 | Ossuary  | Entered an ossuary
  2797 | Ossuary  | HP: 9/38 [mummy (11)]
  2797 | Ossuary  | HP: 4/38 [mummy (5)]
  2798 | Ossuary  | 2798 ||| READING 2 scrolls of teleportation.
  2802 | Ossuary  | 2802 ||| READING scroll of teleportation.
  3025 | Ossuary  | 3025 ||| READING scroll labelled POV HIVAOC.
  3026 | Ossuary  | 3026 ||| READING scroll labelled DIAXKU DIUDUT.
  3027 | Ossuary  | 3027 ||| DRINKING 4 coppery potions.
  3132 | Ossuary  | 3132 ||| READING 4 scrolls of identify.
  3132 | Ossuary  | 3132 ||| IDENTIFYING metallic ruby potion
  3133 | Ossuary  | 3133 ||| READING 3 scrolls of identify.
  3133 | Ossuary  | 3133 ||| IDENTIFYING cyan potion
  3134 | Ossuary  | 3134 ||| DROPPING 3 potions of berserk rage.
  3141 | D:4      | 3141 ||| PLANNING D:1-11
  3219 | D:5      | Entered Level 5 of the Dungeon
  3220 | D:5      | 3220 ||| PLANNING SEWER
  3221 | D:5      | Found an opulent altar of Gozag.
  3225 | D:5      | Noticed a troll
  3234 | D:5      | HP: 8/38 [troll (5)]
  3234 | D:5      | Slain by a troll

Levels and vault maps discovered:
D:1:      grunt_arrival_crossed_arrows, layout_basic,
          shapermc_ecumenical_altar_acropolis, st_stairs_14
D:2:      layout_basic, hangedman_decor_clover_reticule
D:3:      layout_basic, kennysheep_slug_shrine, vehumet_crystals
D:4:      layout_rooms, mainiacjoe_overflow_surrounded_room,
          gup_ossuary_entry_pyramid, serial_bayou_pond_b
D:5:      minmay_inner_zag, layout_basic, mainiacjoe_overflow_paths,
          nicolae_uskayaw_suspiria, gup_sewer_entry_bowl, minmay_crystal_water,
          reono_crystal_passage, minmay_fractal_squares_gapless_5

Skill      XL: |  1  2  3  4  5  6 |
---------------+-------------------+-----
Axes           | 2 3 4 5 |  5.8
Dodging        | 1 |  1.0
Fighting       | 4 |  4.2
Armour         | |  3.2
Shields        | |  3.2

Action                     |  1- 3 |  4- 6 || total
---------------------------+-------+-------++-------
  Melee: War axe           |   112 |   194 ||   306
    Use: Scroll            |     5 |    11 ||    16
         Potion            |       |     3 ||     3
 Armour: Scale mail        |    54 |     6 ||    60
         Ring mail         |       |    51 ||    51
         Plate armour      |       |    50 ||    50
  Dodge: Dodged            |    40 |    95 ||   135
  Block: Buckler           |    18 |    21 ||    39

Table legend:
 A = Non-vault XP
 B = Vault XP
 C = Vault XP percentage of total XP
 D = Non-vault monster count
 E = Vault monster count
 F = Vault count percentage of total count
                 A         B        C        D         E       F
            +---------+---------+-------+---------+---------+-------
      Total |     436 |     116 |  21.0 |      61 |      25 |  29.1
            +---------+---------+-------+---------+---------+-------
        D:1 |      30 |       2 |   6.2 |      17 |       1 |   5.6
        D:2 |      43 |       0 |   0.0 |      16 |       0 |   0.0
        D:3 |      83 |       4 |   4.6 |      13 |       1 |   7.1
        D:4 |     280 |      21 |   7.0 |      15 |       2 |  11.8
    Ossuary |       0 |      89 | 100.0 |       0 |      21 | 100.0
            +---------+---------+-------+---------+---------+-------
